 Dungeon Crawl Stone Soup version 0.29-a0-791-ga0f254aafb (webtiles) character file.

Game seed: 15360172755085268845

91 Malachi the Cutter (level 4, 0/33 HPs)
             Began as a Demonspawn Brigand on July 3, 2022.
             Was a Follower of Wu Jian.
             Slain by an ice beast (10 damage)
             ... on level 6 of the Dungeon.
             The game lasted 00:05:44 (2574 turns).

Malachi the Cutter (Demonspawn Brigand)             Turns: 2574, Time: 00:05:44

Health: 0/33       AC:  5    Str: 11    XL:     4   Next: 34%
Magic:  4/4        EV: 11    Int: 12    God:    Wu Jian [*.....]
Gold:   142        SH:  0    Dex: 19    Spells: 3/3 levels left

rFire   . . .      SeeInvis .   a - +2 dagger
rCold   . . .      Faith    .   (no shield)
rNeg    . . .      Spirit   .   b - +0 robe
rPois   .          Reflect  .   (no helmet)
rElec   .          Harm     .   c - +1 cloak
rCorr   .          Rampage  .   (no gloves)
Will    .....                   j - +0 pair of boots
Stlth   ++++......              o - amulet of the acrobat
HPRegen 0.11/turn               (no ring)
MPRegen 0.09/turn               (no ring)

@: about to teleport
A: thin skeletal structure 1
a: Renounce Religion


You were on level 6 of the Dungeon.
You worshipped Wu Jian.
Wu Jian was aware of your devotion.
You visited 1 branch of the dungeon, and saw 5 of its levels.

You collected 142 gold pieces.

Inventory:

Hand Weapons
 a - a +2 dagger (weapon)
Missiles
 d - 14 poisoned darts (quivered)
 q - 6 boomerangs
Armour
 b - a +0 robe (worn)
 c - a +1 cloak (worn)
 j - a +0 pair of boots (worn)
Jewellery
 o - an amulet of the acrobat (around neck)
 t - a ring of resist corrosion
 u - a ring of poison resistance
Scrolls
 p - a scroll of noise {unknown}
 r - 2 scrolls of identify {unknown}
Potions
 f - a potion of ambrosia {unknown}
 g - a potion of invisibility {unknown}
 i - 2 potions of heal wounds {unknown}
 k - 2 potions of magic {unknown}
 m - a potion of attraction {unknown}
 n - 2 potions of degeneration {unknown}
 s - a potion of lignification {unknown}
 v - a potion of mutation {unknown}


   Skills:
 - Level 2.0 Fighting
 + Level 4.1 Short Blades
 - Level 1.7 Throwing
 - Level 0.8 Dodging
 + Level 3.7 Stealth


You had 3 spell levels left.
You didn't know any spells.
Your spell library contained the following spells:

 Spells                   Type           Power      Damage    Failure   Level
 Blink                    Tloc           0%         N/A       45%         2
 Manifold Assault         Tloc           0%         N/A       100%        5
 Storm Form               Tmut/Air       0%         N/A       100%        7


Dungeon Overview and Level Annotations

Branches:
Dungeon (7/15)
 Temple: D:4-7

Altars:
Wu Jian

Shops:
D:1 (([[   D:2 (

Annotations:
D:7 exclusion: upstairs


Innate Abilities, Weirdness & Mutations

You have a somewhat thin skeletal structure. (Dex +2, Stealth+)


Message History

You throw a curare-tipped dart.
The curare-tipped dart closely misses the ice beast.
The ice beast barely misses you.
Throw: dart (curare)
Press: ? - help, Q - select action, (/) - cycle Shift-Dir - straight line, f/p - ice beast
Aim: an ice beast (62% to hit)
You throw a curare-tipped dart.
The curare-tipped dart hits the ice beast.
The ice beast hits you but does no damage.
Okay, then.
As you read the scroll labelled MUB LUBUGU, it crumbles to dust.
It is a scroll of enchant armour.
Your +0 cloak glows green for a moment.
The ice beast hits you. The ice beast freezes you!
The ice beast attacks as you move away! The ice beast closely misses you.
The ice beast attacks as you move away! The ice beast completely misses you.
The ice beast attacks as you move away! The ice beast completely misses you.
The ice beast attacks as you move away! The ice beast misses you.
The ice beast attacks as you move away! The ice beast completely misses you.
The ice beast attacks as you move away! The ice beast misses you.
You hear the faint creaking of a portcullis very nearby.
An ogre comes into view. It is wielding a +0 giant spiked club.
Found an escape hatch in the ceiling.
Found an escape hatch in the floor.
Found a chain mail.
There is an escape hatch in the ceiling here.
The ice beast barely misses you. A mysterious force pulls you upwards.
The hatch slams shut behind you.
Unknown command.
The ice beast attacks as you move away! The ice beast completely misses you.
The ice beast attacks as you move away! The ice beast completely misses you.
The ice beast attacks as you move away! The ice beast misses you.
The ice beast attacks as you move away! The ice beast hits you.
The ice beast freezes you!
A wight comes into view. It is wielding a +3 hand axe.
A wight comes into view. It is wielding a +0 morningstar.
As you read the scroll labelled QAELAE TAVE, it crumbles to dust.
You feel strangely unstable.
It was a scroll of teleportation.
The ice beast hits you. The ice beast freezes you!
You die...

#.#.....#
#........
#.#.....#
#.##...##
#..##.## ##.#
## #.#
#.########
#.....Y@.#
########..z...z
###..z. #.###
#.# #.. #z# #.#
#.#


You could see an ice beast and 3 wights.

Vanquished Creatures
  Terence (D:2)
  2 adders (D:2)
  2 worms (D:2)
  A dart slug (D:3)
  6 bats
  2 endoplasms
  2 giant cockroaches (D:2)
  2 goblins (D:2)
  4 hobgoblins
  2 jackals (D:1)
  5 quokkas
  A ball python (D:2)
  7 frilled lizards
  3 kobolds
  3 rats
43 creatures vanquished.

Notes
Turn   | Place    | Note
-------+----------+-------------------------------------------
     0 | D:1      | Malachi the Demonspawn Brigand began the quest for the Orb.
     0 | D:1      | Reached XP level 1. HP: 16/16 MP: 1/1
    24 | D:1      | Found Baur's Antique Armour Shop.
    42 | D:1      | Found Wodghu Qouz's Armour Shop.
   147 | D:1      | Found Oggawuvo's Antique Weapon Shoppe.
   149 | D:1      | Reached skill level 2 in Short Blades
   177 | D:1      | Found a faded altar of an unknown god.
   190 | D:1      | Prayed at the altar of an unknown god.
   190 | D:1      | Became a worshipper of the Wu Jian Council
   190 | D:1      | Reached * piety under Wu Jian
   246 | D:1      | Found Mischariu's Antique Weapon Boutique.
   278 | D:1      | Gained mutation: You have a somewhat thin skeletal
                  | structure. (Dex +2, Stealth+) [demonic ancestry]
   278 | D:1      | Reached XP level 2. HP: 21/22 MP: 2/2
   903 | D:2      | Reached skill level 3 in Short Blades
   979 | D:2      | Noticed Terence
  1006 | D:2      | Killed Terence
  1007 | D:2      | Reached XP level 3. HP: 16/27 MP: 3/3
  1163 | D:2      | Found Wavvysi's Weapon Shop.
  1586 | D:2      | Reached skill level 4 in Short Blades
  1586 | D:2      | Reached XP level 4. HP: 33/33 MP: 4/4
  2185 | D:3      | Reached ** piety under Wu Jian
  2479 | D:3      | You fall into a shaft and drop 3 floors!
  2526 | D:7      | Noticed an ice beast
  2553 | D:7      | Noticed an ogre
  2574 | D:6      | Slain by an ice beast

Illustrated notes

Levels and vault maps discovered:
D:1:      mushboom_english_gardens, layout_loops_cross,
          chequers_ecumenical_altar_simple_redux, serial_shops,
          nicolae_shop_statue_plus, nicolae_shop_stone, shop,
          nicolae_shop_hallway_stairs, patterned_corridor
D:2:      layout_basic, serial_shops, nicolae_shop_bloodbath_and_beyond,
          uniq_terence
D:3:      layout_rooms
D:6:      layout_loops_ring, kennysheep_generic_room_4
D:7:      layout_basic, grunt_temple_overflow_opulence, enter_bailey_2,
          kennysheep_generic_room_5

Skill      XL: |  1  2  3 |
---------------+----------+-----
Short Blades   | 2 3 4 |  4.1
Fighting       | |  2.0
Throwing       | |  1.7
Dodging        | |  0.8
Stealth        | |  3.7

Action                   |  1- 3 |  4- 6 || total
-------------------------+-------+-------++-------
Melee: Dagger            |    65 |    45 ||   110
Throw: Dart              |     2 |     3 ||     5
Invok: Lunge             |     9 |     9 ||    18
  Use: Scroll            |       |     2 ||     2
 Stab: Sleeping          |    14 |     6 ||    20
Armor: Robe              |    12 |    13 ||    25
Dodge: Dodged            |    21 |    30 ||    51

Table legend: (Time is in decaauts)
 A = Elapsed time spent in this place.
 B = Non-inter-level travel time spent in this place.
 C = Inter-level travel time spent in this place.
 D = Time resting spent in this place.
 E = Time spent auto-exploring this place.
 F = Levels seen in this place.
 G = Mean time per level.
                   A        B        C        D        E       F      G
               +--------+--------+--------+--------+--------+-----+--------+
         Total |   2556 |   2420 |    136 |    465 |   1493 |   5 |  511.2 |
       Dungeon |   2556 |   2420 |    136 |    465 |   1493 |   5 |  511.2 |
               +--------+--------+--------+--------+--------+-----+--------+

Top non-repeatable levels by time:
     D:2: 1356 daAuts
     D:1: 804 daAuts
     D:3: 301 daAuts
     D:7: 56 daAuts
     D:6: 37 daAuts
